 Dungeon Crawl Stone Soup version 0.32-a0-17-gb74e046682 (webtiles) character file.

Game seed: 8534710394065732005

426 Hellonello the Ducker (level 6, 0/45 HPs)
             Began as an Octopode Shapeshifter on Jan 15, 2024.
             Slain by Duvessa
             ... wielding a +0 rapier
              (3 damage)
             ... on level 4 of the Dungeon.
             The game lasted 00:06:47 (3068 turns).

Hellonello the Ducker (Octopode Shapeshifter)       Turns: 3068, Time: 00:06:48

Health: 0/45       AC:  1    Str: 13    XL:     6   Next: 97%
Magic:  6/6        EV: 15    Int: 12    God:
Gold:   762        SH:  5    Dex: 14    Spells: 5/5 levels left

rFire   . .          .
                       - Unarmed
rCold   . . .        (no shield)
rNeg    . . .        (helmet currently unavailable)
rPois   .            m - amulet of reflection
rElec   .            (no ring)
rCorr   .            (no ring)
SInv    .            (no ring)
Will    .....        (no ring)
Stlth   ++           (no ring)
HPRegen 0.27/turn    (no ring)
MPRegen 0.10/turn    (no ring)
                     (no ring)

%: reflection
@: mighty, beast-form
A: beast (slay +1), almost no armour, amphibious, 8 rings, camouflage 1,
gelatinous body 1, (nimble swimmer 1), tentacles
a: Begin Untransformation


You were on level 4 of the Dungeon.
You were a hulking beast.
You visited 1 branch of the dungeon, and saw 4 of its levels.

You collected 762 gold pieces.

Inventory:

Jewellery
 m - an amulet of reflection (around mantle)
Talismans
 b - a beast talisman
 c - a flux talisman
Scrolls
 f - 3 scrolls of enchant weapon
 h - a scroll of butterflies {unknown}
 k - a scroll of teleportation
 l - a scroll of fear {unknown}
 n - 2 scrolls of identify
Potions
 a - 2 potions of lignification
 d - a potion of brilliance
 g - a potion of resistance
 i - 2 potions of might


   Skills:
 + Level 4.8 Fighting
 + Level 5.2 Dodging
 - Level 3.0 Unarmed Combat
 - Level 3.0 Shapeshifting


You had 5 spell levels left.
You didn't know any spells.
Your spell library contained the following spells:

 Spells                   Type           Power      Damage    Failure   Level
 Magic Dart               Conj           0%         1d3       32%         1
 Necrotise                Necr           0%         1d4       32%         1
 Blink                    Tloc           0%         N/A       45%         2
 Call Imp                 Summ           0%         N/A       45%         2
 Vampiric Draining        Necr           0%         2d6       69%         3
 Martyr's Knell           Necr/Summ      0%         N/A       97%         4
 Curse of Agony           Necr           0%         N/A       100%        5
 Haunt                    Necr/Summ      0%         N/A       100%        7
 Borgnjor's Revivificati  Necr           0%         N/A       100%        8
 Death's Door             Necr           0%         N/A       100%        9


Dungeon Overview and Level Annotations

Branches:
Dungeon (4/15)
 Temple: D:4-7

Altars:
Ashenzari
Cheibriados
Fedhas

Annotations:
D:4 Dowan, Duvessa


Innate Abilities, Weirdness & Mutations

You are a hulking beast.
Your limbs bulge with bestial killing power. (Slay +1)
You cannot wear most types of armour.
You are amphibious.
You can wear up to eight rings at the same time.
Your skin changes colour to match your surroundings (Stealth+).
Your rubbery body absorbs attacks. (AC +1, EV +1)
((You are camouflaged when in or above water. (Stealth+)))
You have tentacles for arms and can constrict up to eight enemies at once.


Message History

Dowan gestures at you while chanting. The puff of flame hits you!
Duvessa zaps a wand.
The puff of flame misses you.
You miss the adder. Your grab misses the adder. You squeeze the adder!
You kill the adder!
Duvessa says, "When magic and the sword combine, nothing stands against them."
You tentacle-slap Duvessa. Your grab misses Duvessa.
Duvessa is lightly wounded.
Duvessa zaps a wand.
You block the puff of flame... and reflect it back!
The puff of flame hits Duvessa!
Dowan casts a spell.
Dowan blinks!
You closely miss the hobgoblin. You grab the hobgoblin.
You constrict the hobgoblin, but do no damage.
Duvessa hits you with a +0 rapier! The hobgoblin completely misses you.
You tentacle-slap the hobgoblin. You squeeze the hobgoblin.
You kill the hobgoblin!
Duvessa hits you with a +0 rapier!
Dowan casts a spell.
Dowan blinks!
Duvessa zaps a wand.
The puff of flame hits you!
* * * LOW HITPOINT WARNING * * *
You bludgeon Duvessa! You grab Duvessa.
Duvessa is severely wounded.
You constrict Duvessa, but do no damage.
Duvessa barely misses you.
Dowan zaps a wand.
The puff of flame misses you.
The puff of flame hits Duvessa!
You feel better.
You constrict Duvessa. Duvessa closely misses you.
Dowan gestures at you while chanting. The puff of frost hits you!
* * * LOW HITPOINT WARNING * * *
Duvessa misses you.
You feel better.
You constrict Duvessa, but do no damage.
Duvessa misses you.
Dowan zaps a wand.
The puff of flame hits you!
* * * LOW HITPOINT WARNING * * *
You tentacle-slap Duvessa.
Duvessa is almost dead.
You constrict Duvessa, but do no damage.
Duvessa hits you with a +0 rapier.
You die...

.###..####..........#
## #..# ##.........#
# ##.# #......e..#
### #........##
##........#
#.........#
#.........##
............#
#####...h...#
##).e†..# #......#
##......( #...$.....
#.......## ##......#
#......#


You could see Duvessa (fast) and Dowan.

Vanquished Creatures
  Sigmund (D:4)
  Blork the orc (D:4)
  A bombardier beetle (D:4)
  A hound (D:4)
  4 adders
  2 dart slugs (D:2)
  A ribbon worm (D:2)
  11 orcs
  10 ball pythons
  12 bats
  5 endoplasms
  4 giant cockroaches
  7 goblins
  4 hobgoblins
  4 jackals
  2 quokkas
  4 frilled lizards (D:1)
  4 kobolds
  6 rats
84 creatures vanquished.

Notes
Turn   | Place    | Note
-------+----------+-------------------------------------------
     0 | D:1      | Hellonello the Octopode Shapeshifter began the quest for
                  | the Orb.
     0 | D:1      | Reached XP level 1. HP: 13/13 MP: 1/1
   140 | D:1      | Reached XP level 2. HP: 18/18 MP: 2/2
   383 | D:1      | Reached XP level 3. HP: 22/24 MP: 3/3
  1145 | D:2      | Reached skill level 3 in Dodging
  1447 | D:2      | Reached XP level 4. HP: 30/30 MP: 4/4
  1712 | D:2      | Identified a scroll of acquirement
  1712 | D:2      | Acquired 583 gold pieces
  1802 | D:3      | Found a snail-covered altar of Cheibriados.
  1826 | D:3      | Found a broken altar of Ashenzari.
  1829 | D:3      | Found a blossoming altar of Fedhas.
  2326 | D:3      | Found a faded altar of an unknown god.
  2583 | D:4      | Reached XP level 5. HP: 16/36 MP: 5/5
  2879 | D:4      | Noticed Sigmund
  2881 | D:4      | Noticed Blork the orc
  2888 | D:4      | Killed Sigmund
  2889 | D:4      | Reached skill level 4 in Dodging
  2889 | D:4      | Reached XP level 6. HP: 16/44 MP: 6/6
  2910 | D:4      | Killed Blork the orc
  2911 | D:4      | Reached skill level 5 in Dodging
  3055 | D:4      | Noticed Dowan
  3056 | D:4      | Noticed Duvessa
  3066 | D:4      | HP: 1/45 [Dowan/puff of frost (13)]
  3068 | D:4      | Slain by Duvessa

Illustrated notes

Levels and vault maps discovered:
D:1:      psy_arrival_dodecagon, layout_basic, serial_bayou_lake_a
D:2:      layout_loops_ring, hangedman_decor_points
D:3:      layout_basic, cheibriados_altar_1,
          mainiacjoe_overflow_small_starburst,
          mainiacjoe_overflow_six_doors_small,
          chequers_ecumenical_altar_simple_redux, minmay_surrounded
D:4:      layout_cave_pods, serial_glass, glass_columns_a, glass_columns_b,
          lightli_ossuary_entry_decrepit_ruins, grunt_decor_junction,
          glass_columns_a, skrybe_limestone_x, minivault_25, uniq_duvessa,
          uniq_blork_the_orc, uniq_sigmund, uniq_crazy_yiuf_cottage

Skill      XL: |  1  2  3  4  5  6 |
---------------+-------------------+-----
Fighting       | 2 3 4 |  4.8
Dodging        | 3 4 5 |  5.2
Unarmed Combat | |  3.0
Shapeshifting  | |  3.0

Action                     |  1- 3 |  4- 6 || total
---------------------------+-------+-------++-------
  Melee: Unarmed           |    79 |    81 ||   160
         Tentacles         |    10 |    21 ||    31
         Constrict         |    19 |    25 ||    44
         Punch             |     1 |     3 ||     4
    Use: Scroll            |     1 |     7 ||     8
         Potion            |       |     5 ||     5
   Stab: Sleeping          |     3 |     3 ||     6
         Distracted        |       |     1 ||     1
 Armour: Skin              |    48 |    39 ||    87
  Dodge: Dodged            |    47 |    50 ||    97
  Block: Other             |       |     9 ||     9
         Reflection        |       |     2 ||     2

Table legend: (Time is in decaauts)
 A = Elapsed time spent in this place.
 B = Non-inter-level travel time spent in this place.
 C = Inter-level travel time spent in this place.
 D = Time resting spent in this place.
 E = Time spent auto-exploring this place.
 F = Levels seen in this place.
 G = Mean time per level.
                   A        B        C        D        E       F      G
               +--------+--------+--------+--------+--------+-----+--------+
         Total |   3058 |   2990 |     68 |    309 |   2052 |   4 |  764.5 |
       Dungeon |   3058 |   2990 |     68 |    309 |   2052 |   4 |  764.5 |
               +--------+--------+--------+--------+--------+-----+--------+

Top non-repeatable levels by time:
     D:1: 929 daAuts
     D:3: 835 daAuts
     D:2: 804 daAuts
     D:4: 488 daAuts
